 Dungeon Crawl Stone Soup version 0.31-a0-640-g39d97e502b (webtiles) character file.

Game seed: 1481322076959399773

28329 LobsterGuardian the Covert (level 13, -1/104 HPs)
             Began as a Gnoll Delver on Aug 28, 2023.
             Was an Initiate of Gozag.
             Slain by a freezing wraith (2 damage)
             ... led by a death knight
             ... on level 13 of the Dungeon.
             The game lasted 00:26:14 (14452 turns).

LobsterGuardian the Covert (Gnoll Delver)          Turns: 14452, Time: 00:26:17

Health: -1/104     AC: 14    Str: 16    XL:     13   Next: 38%
Magic:  0/25       EV: 21    Int: 15    God:    Gozag
Gold:   1775       SH:  0    Dex: 18    Spells: 18/28 levels left

rFire   . . .        u - +12 war axe of Xahomes {flame, *Corrode Will+++ Int-2 Stlth+}
rCold   x . .        (no shield)
rNeg    . . .        K - +8 ring mail "Zir Foli" {rC- Dex+5}
rPois   .            G - +0 helmet
rElec   .            l - +1 cloak
rCorr   .            (no gloves)
SInv    .            (no boots)
Will    +++..        O - amulet of guardian spirit
Stlth   ++++++       i - +5 ring of evasion
HPRegen 0.37/turn    L - +6 ring of intelligence
MPRegen 0.19/turn

%: corrode self (3%), clarity, guardian spirit
@: corroded, gold aura, slowed, studying Earth Magic, very slow
A: fangs 1, strong nose, distributed training, iridescent scales 1, clarity,
deformed body
a: Renounce Religion, Potion Petition, Call Merchant, Bribe Branch


You were on level 13 of the Dungeon.
You worshipped Gozag.
Gozag was most pleased with you.
You visited 1 branch of the dungeon, and saw 14 of its levels.
You also visited: Ossuary.

You collected 2514 gold pieces.
You paid 739 gold pieces to Gozag.

Inventory:

Hand Weapons
 u - the +12 war axe of Xahomes (weapon) {flame, *Corrode Will+++ Int-2 Stlth+}
   (You found it on level 4 of the Dungeon)

   Int-2:     It affects your intelligence (-2).
   Will+++:   It greatly increases your willpower.
   *Corrode:  It may corrode you when you take damage.
   Stlth+:    It makes you more stealthy.
Missiles
 E - 3 silver javelins
 J - 4 javelins
Armour
 l - a +1 cloak (worn)
 G - a +0 helmet (worn)
 K - the +8 ring mail "Zir Foli" (worn) {rC- Dex+5}
   (You found it on level 9 of the Dungeon)

   Dex+5:     It affects your dexterity (+5).
   rC-:       It makes you vulnerable to cold.
Jewellery
 f - a ring of ice
 i - a +5 ring of evasion (left hand)
 o - an amulet of the acrobat
 L - a +6 ring of intelligence (right hand)
 M - a ring of wizardry
 O - an amulet of guardian spirit (around neck)
Wands
 g - a wand of digging (9)
 n - a wand of polymorph (15)
 F - a wand of quicksilver (4)
 I - a wand of flame (37)
Scrolls
 b - 6 scrolls of teleportation
 c - a scroll of fog
 d - 6 scrolls of revelation
 e - 3 scrolls of fear
 h - a scroll of vulnerability {unknown}
 q - 2 scrolls of enchant armour
 r - a scroll of noise {unknown}
 w - 2 scrolls of amnesia {unknown}
 z - a scroll of acquirement {unknown}
 N - a scroll of enchant weapon
Potions
 a - a potion of cancellation
 j - a potion of heal wounds
 k - 4 potions of attraction
 m - a potion of ambrosia
 p - 3 potions of brilliance
 s - 5 potions of curing
 t - 3 potions of lignification
 v - 4 potions of haste
 x - a potion of enlightenment {unknown}
 A - 2 potions of might
 C - 2 potions of resistance


   Skills:
 + Level 10.6 Fighting
 + Level 8.4 Short Blades
 + Level 8.4 Long Blades
 + Level 9.6 Axes
 + Level 8.4 Maces & Flails
 + Level 8.4 Polearms
 + Level 8.4 Staves
 + Level 8.4 Ranged Weapons
 + Level 8.4 Throwing
 + Level 8.4 Armour
 + Level 9.6 Dodging
 + Level 12.6 Stealth
 + Level 8.4 Shields
 + Level 8.4 Unarmed Combat
 + Level 8.4 Spellcasting
 + Level 7.0 Conjurations
 + Level 7.0 Hexes
 + Level 7.0 Summonings
 + Level 7.0 Necromancy
 + Level 7.0 Translocations
 + Level 7.0 Transmutations
 + Level 7.0 Fire Magic
 + Level 7.0 Ice Magic
 + Level 7.0 Air Magic
 + Level 8.3 Earth Magic
 + Level 7.0 Poison Magic
 + Level 9.2 Invocations
 + Level 8.4 Evocations
 + Level 7.6 Shapeshifting


You had 18 spell levels left.
You knew the following spells:

 Your Spells              Type           Power      Damage    Failure   Level
a - Dazzling Flash        Conj/Hex       54%        N/A       3%          3
b - Dispel Undead         Necr           27%        3d13      11%         4
c - Stone Arrow           Conj/Erth      58%        3d10      2%          3

Your spell library contained the following spells:

 Spells                   Type           Power      Damage    Failure   Level
 Kiss of Death            Conj/Necr      100%       2d13      1%          1
 Cigotuvi's Dreadful Rot  Necr/Pois/Air  54%        N/A       1%          2
 Confusing Touch          Hex            27%        N/A       3%          3
 Ignite Poison            Fire/Tmut/Pois 27%        N/A       3%          3
 Inner Flame              Hex/Fire       27%        N/A       3%          3
 Volatile Blastmotes      Fire/Tloc      54%        2d14      3%          3
 Animate Armour           Summ/Erth      58%        N/A       9%          4
 Summon Lightning Spire   Summ/Air       27%        N/A       11%         4
 Lee's Rapid Deconstruct  Erth           15%        3d10*     17%         5
 Freezing Cloud           Conj/Ice/Air   13%        6-21      30%         5
 Yara's Violent Unravell  Hex/Tmut       13%        3d7       30%         5
 Starburst                Conj/Fire      13%        6d6       86%         6
 Enfeeble                 Hex            13%        N/A       100%        7
 Lehudib's Crystal Spear  Conj/Erth      14%        10d5      100%        8
 Maxwell's Capacitive Co  Air            13%        ∞         100%        8


Dungeon Overview and Level Annotations

Branches:
Dungeon (14/15)            Temple (0/1) D:7            Lair (0/5) D:11
    Orc (0/2) D:11         Vaults (0/5) D:13        Ossuary (visited)

Altars:
Elyvilon
Gozag
Okawaru
Ru
Zin

Shops:
D:7 (   D:11 (

Annotations:
D:6 exclusion: 2 doors
D:9 3 runed translucent doors, Chroloform's ghost, novice MiFi


Innate Abilities, Weirdness & Mutations

You have very sharp teeth.
Your uncanny sense of smell can sniff out nearby items.
Your experience applies equally to all skills.
You are partially covered in iridescent scales. (AC +2)
You possess an exceptional clarity of mind.
Armour fits poorly on your strangely shaped body.


Message History

The freezing wraith drains your vigour!
You feel yourself slow down.
The death knight attacks as it pursues you!
The death knight closely misses you.
You see here a potion of brilliance.
The freezing wraith completely misses you.
The freezing wraith hits you but does no damage.
There is a stone staircase leading up here.
The freezing wraith misses you. The freezing wraith hits you.
The freezing wraith drains your vigour!
You feel as though you will be slow longer.
The death knight hits you from afar with a +0 glaive.
Your corrosive artefact corrodes you!
The freezing wraith hits you. The freezing wraith freezes you!!
You feel a terrible chill! The freezing wraith hits you.
The freezing wraith drains your vigour!
You feel as though you will be slow longer.
The death knight is distracted by your dazzling golden aura.
You climb upwards.
There is a stone staircase leading down here.
Unknown command.
Unknown command.
You hit the freezing wraith but do no damage.
The freezing wraith hits you. The freezing wraith freezes you!!
You feel a terrible chill!
The freezing wraith hits you but does no damage.
You are too injured to fight recklessly!
You are too injured to fight recklessly!
You barely miss the freezing wraith.
You bite the freezing wraith, but do no damage.
The freezing wraith hits you but does no damage.
The freezing wraith misses you. The freezing wraith barely misses you.
The freezing wraith completely misses you.
You hit the freezing wraith but do no damage.
You bite the freezing wraith, but do no damage.
The freezing wraith hits you!
* * * LOW HITPOINT WARNING * * *
The freezing wraith freezes you!!
You feel a terrible chill!
* * * LOW HITPOINT WARNING * * *
The freezing wraith hits you.
You die...
Your body crumbles into a pile of gold.

##'##.##'##.########....##..##'##
...#..#...#....#...#.............
...#..#.<.#....#...#.............
...#..#...#....#...#.............
#..#####'##.#..##..####..#..#####
....#....#..#...#........#..'...'
....#....#..#...#........#..#...#
.############.#.#############'###
..#..'........#.@.......#..#..'..
..#..#........#.W.......#..#..#..
.##########...############'##'###
.........#...............#....#..
.........#...............#....#..
.........####..###########....###
.........#..#.....#....#.........
.........#..#.....(....#.........
.........#..#.....#....#.........


You could see a freezing wraith.

Vanquished Creatures
  Nessos (D:12)
  A hydra (D:12)
  An ogre mage (D:13)
  3 centaur warriors
  2 boulder beetles (D:12)
  4 two-headed ogres
  Nergalle (D:12)
  Sonja (D:10)
  6 skeletal warriors
  A deep elf pyromancer (D:10)
  Pikel (D:8)
  An orc knight (D:10)
  A wizard (D:10)
  2 manticores
  3 ugly things
  2 cyclopes
  A gargoyle (D:11)
  An unseen horror (D:13)
  2 kobold demonologists
  A freezing wraith (D:14)
  An efreet (D:13)
  A wind drake (shapeshifter) (D:13)
  3 meliai (D:13)
  2 trolls
  2 hornets
  A slime creature (D:10)
  A shadow (D:12)
  4 wraiths
  A basilisk (D:12)
  6 yaks (D:11)
  A wyvern (D:6)
  4 steam dragons
  7 vampire mosquitoes
  2 acid dragons
  5 water moccasins
  2 black bears (D:11)
  4 orc warriors
  3 ogres
  4 centaurs
  A phantom (D:4)
  An elf zombie (Ossuary)
  2 kobold brigands
  A lemure (D:8)
  3 bullfrogs
  4 scorpions
  16 wights
  4 killer bees (D:10)
  2 vampire bats
  10 howler monkeys
  7 centaur zombies (Ossuary)
  3 jellies
  8 orc priests
  3 hounds
  4 human zombies (Ossuary)
  3 iguanas
  3 sleepcaps
  12 orc wizards
  4 mummies
  11 adders
  7 gnolls
  A white imp (D:6)
  2 ufetubi
  2 worms (D:2)
  3 dart slugs
  3 fire bats (D:3)
  27 orcs
  2 spectral bats (D:3)
  6 ball pythons
  20 bats
  A bat simulacrum (D:3)
  3 bat skeletons (D:3)
  A bat zombie (D:3)
  9 endoplasms
  A giant cockroach (D:3)
  5 goblins
  4 hobgoblins
  6 jackals
  2 quokkas
  16 kobolds
  5 rats
318 creatures vanquished.

Vanquished Creatures (collateral kills)
  Jeremiah (D:7)
  A hound (D:7)
2 creatures vanquished.

Grand Total: 320 creatures vanquished

Notes
Turn   | Place    | Note
-------+----------+-------------------------------------------
     0 | D:5      | Reached skill level 9 in Stealth
     0 | D:5      | LobsterGuardian the Gnoll Delver began the quest for the
                  | Orb.
     0 | D:5      | Reached XP level 1. HP: 23/23 MP: 1/1
   222 | D:4      | Noticed a phantom
   371 | D:4      | Reached XP level 2. HP: 15/29 MP: 2/2
   475 | D:4      | Reached skill level 1 in Invocations
   475 | D:4      | Reached XP level 3. HP: 18/35 MP: 2/4
   562 | D:4      | Reached skill level 1 in Short Blades
   562 | D:4      | Reached skill level 1 in Long Blades
   562 | D:4      | Reached skill level 1 in Maces & Flails
   562 | D:4      | Reached skill level 1 in Polearms
   562 | D:4      | Reached skill level 1 in Staves
   562 | D:4      | Reached skill level 1 in Ranged Weapons
   562 | D:4      | Reached skill level 1 in Throwing
   562 | D:4      | Reached skill level 1 in Armour
   562 | D:4      | Reached skill level 1 in Shields
   562 | D:4      | Reached skill level 1 in Unarmed Combat
   562 | D:4      | Reached skill level 1 in Spellcasting
   562 | D:4      | Reached skill level 1 in Evocations
   640 | D:4      | Reached skill level 1 in Shapeshifting
   640 | D:4      | Reached XP level 4. HP: 31/41 MP: 5/5
   889 | D:4      | Killed a phantom
   890 | D:4      | Reached skill level 1 in Conjurations
   890 | D:4      | Reached skill level 1 in Hexes
   890 | D:4      | Reached skill level 1 in Summonings
   890 | D:4      | Reached skill level 1 in Necromancy
   890 | D:4      | Reached skill level 1 in Translocations
   890 | D:4      | Reached skill level 1 in Transmutations
   890 | D:4      | Reached skill level 1 in Fire Magic
   890 | D:4      | Reached skill level 1 in Ice Magic
   890 | D:4      | Reached skill level 1 in Air Magic
   890 | D:4      | Reached skill level 1 in Earth Magic
   890 | D:4      | Reached skill level 1 in Poison Magic
   890 | D:4      | Reached XP level 5. HP: 37/47 MP: 5/7
   979 | D:4      | Identified the +6 rapier of Gozag, Threshing {freeze, rN+}
  1038 | D:4      | Identified the +12 war axe of Xahomes {flame, *Corrode
                  | Will+++ Int-2 Stlth+}
  1331 | D:4      | Noticed an ogre
  1351 | D:4      | Killed an ogre
  1352 | D:4      | Reached XP level 6. HP: 23/53 MP: 8/8
  1555 | D:3      | Reached skill level 5 in Axes
  1555 | D:3      | Reached skill level 5 in Dodging
  3285 | D:3      | Found a faded altar of an unknown god.
  3480 | D:3      | Reached XP level 7. HP: 60/60 MP: 10/10
  3831 | D:5      | Found an opulent altar of Gozag.
  3834 | D:5      | Found a white marble altar of Elyvilon.
  3840 | D:5      | Became a worshipper of Gozag Ym Sagoz the Greedy
  3868 | D:5      | Reached skill level 10 in Stealth
  4083 | D:5      | Reached XP level 8. HP: 67/67 MP: 12/12
  4366 | D:6      | Identified the +5 short sword of Ysicuoda {heavy, rPois}
  4419 | D:6      | Found a sand-covered staircase.
  4428 | Ossuary  | Entered an ossuary
  4659 | Ossuary  | Reached XP level 9. HP: 62/73 MP: 14/14
  5479 | D:7      | Reached skill level 5 in Invocations
  5590 | D:7      | Identified the +0 chain mail of Caustic the Leaf {rC+
                  | Str+5}
  5775 | D:7      | Noticed Jeremiah
  5787 | D:7      | Killed Jeremiah
  5951 | D:7      | Noticed a manticore
  5966 | D:7      | Killed a manticore
  5967 | D:7      | Reached skill level 5 in Short Blades
  5967 | D:7      | Reached skill level 5 in Long Blades
  5967 | D:7      | Reached skill level 5 in Maces & Flails
  5967 | D:7      | Reached skill level 5 in Polearms
  5967 | D:7      | Reached skill level 5 in Staves
  5967 | D:7      | Reached skill level 5 in Ranged Weapons
  5967 | D:7      | Reached skill level 5 in Throwing
  5967 | D:7      | Reached skill level 5 in Armour
  5967 | D:7      | Reached skill level 5 in Shields
  5967 | D:7      | Reached skill level 5 in Unarmed Combat
  5967 | D:7      | Reached skill level 5 in Spellcasting
  5967 | D:7      | Reached skill level 5 in Evocations
  5967 | D:7      | Reached XP level 10. HP: 36/82 MP: 17/17
  6239 | D:7      | Found a staircase to the Ecumenical Temple.
  6495 | D:7      | Found Hozxiuv's Antique Weapon Shoppe.
  7009 | D:8      | Identified the +11 quarterstaff "Esiobaof" {heavy, rC+}
  7076 | D:8      | Noticed Pikel
  7084 | D:8      | Killed Pikel
  7085 | D:8      | Reached skill level 11 in Stealth
  7173 | D:8      | Found an iron altar of Okawaru.
  7478 | D:9      | Identified the +8 ring mail "Zir Foli" {rC- Dex+5}
  7482 | D:9      | Reached skill level 5 in Shapeshifting
  7491 | D:9      | Noticed a two-headed ogre
  7603 | D:9      | Killed a two-headed ogre
  7676 | D:9      | Found a runed translucent gate.
  7677 | D:9      | Found a runed translucent gate.
  7678 | D:9      | Found a runed translucent gate.
  7865 | D:9      | Noticed Chroloform's ghost (novice MiFi)
  7867 | D:9      | Noticed an 11-headed hydra
  8114 | D:10     | Entered Level 10 of the Dungeon
  8136 | D:10     | Reached XP level 11. HP: 82/87 MP: 19/19
  8216 | D:10     | Reached skill level 5 in Conjurations
  8216 | D:10     | Reached skill level 5 in Hexes
  8216 | D:10     | Reached skill level 5 in Summonings
  8216 | D:10     | Reached skill level 5 in Necromancy
  8216 | D:10     | Reached skill level 5 in Translocations
  8216 | D:10     | Reached skill level 5 in Transmutations
  8216 | D:10     | Reached skill level 5 in Fire Magic
  8216 | D:10     | Reached skill level 5 in Ice Magic
  8216 | D:10     | Reached skill level 5 in Air Magic
  8216 | D:10     | Reached skill level 5 in Earth Magic
  8216 | D:10     | Reached skill level 5 in Poison Magic
  8244 | D:10     | Found a glowing silver altar of Zin.
  8270 | D:10     | Noticed a deep elf pyromancer
  8275 | D:10     | Killed a deep elf pyromancer
  8319 | D:10     | Found a sacrificial altar of Ru.
  8554 | D:10     | Noticed a centaur warrior
  8555 | D:10     | Noticed a wizard
  8555 | D:10     | Noticed an orc knight
  8568 | D:10     | Killed an orc knight
  8568 | D:10     | Killed a wizard
  8570 | D:10     | Killed a centaur warrior
  8826 | D:10     | Noticed Sonja
  8831 | D:10     | Killed Sonja
  9494 | D:11     | Noticed a skeletal warrior
  9494 | D:11     | Noticed a skeletal warrior
  9497 | D:11     | Noticed a skeletal warrior
  9781 | D:11     | Killed a skeletal warrior
  9835 | D:11     | Killed a skeletal warrior
  9842 | D:11     | Killed a skeletal warrior
 10037 | D:11     | Reached XP level 12. HP: 81/96 MP: 22/22
 10492 | D:11     | Found a staircase to the Lair.
 10591 | D:11     | Found a staircase to the Orcish Mines.
 10936 | D:11     | Found Qoshry's Weapon Emporium.
 11156 | D:12     | Noticed a boulder beetle
 11216 | D:12     | Killed a boulder beetle
 11217 | D:12     | Reached skill level 12 in Stealth
 11422 | D:12     | Noticed Nergalle
 11422 | D:12     | Noticed Nessos
 11432 | D:12     | Killed Nergalle
 11440 | D:12     | Killed Nessos
 11441 | D:12     | Reached skill level 10 in Fighting
 11939 | D:12     | Learned a level 3 spell: Dazzling Flash
 11961 | D:12     | Noticed a boulder beetle
 11976 | D:12     | Noticed a two-headed ogre
 11988 | D:12     | Killed a two-headed ogre
 12016 | D:12     | Killed a boulder beetle
 12255 | D:12     | Noticed a seven-headed hydra
 12266 | D:12     | Killed a four-headed hydra
 12760 | D:12     | Gained mutation: Your system is resistant to poisons.
                  | (rPois) [potion of mutation]
 12760 | D:12     | Gained mutation: You occasionally lose the ability to drink
                  | potions when taking damage. [potion of mutation]
 12761 | D:12     | Lost mutation: You occasionally lose the ability to drink
                  | potions when taking damage. [potion of mutation]
 12761 | D:12     | Lost mutation: Your system is resistant to poisons. (rPois)
                  | [potion of mutation]
 12761 | D:12     | Gained mutation: You have hidden genetic defects. [potion
                  | of mutation]
 12761 | D:12     | Lost mutation: You have hidden genetic defects. [potion of
                  | mutation]
 12761 | D:12     | Gained mutation: Your spells are a little easier to cast,
                  | but a little less powerful. [potion of mutation]
 12762 | D:12     | Lost mutation: Your spells are a little easier to cast, but
                  | a little less powerful. [potion of mutation]
 12762 | D:12     | Gained mutation: You possess an exceptional clarity of
                  | mind. [potion of mutation]
 12762 | D:12     | Gained mutation: You are partially covered in iridescent
                  | scales. (AC +2) [potion of mutation]
 12762 | D:12     | Gained mutation: Armour fits poorly on your strangely
                  | shaped body. [potion of mutation]
 12894 | D:13     | Noticed a two-headed ogre
 12896 | D:13     | Noticed a two-headed ogre
 12899 | D:13     | Noticed an ogre mage
 12902 | D:13     | Killed a two-headed ogre
 12903 | D:13     | Reached XP level 13. HP: 104/104 MP: 23/25
 13009 | D:13     | Found a gate to the Vaults.
 13875 | D:13     | Learned a level 4 spell: Dispel Undead
 14391 | D:13     | Learned a level 3 spell: Stone Arrow
 14452 | D:13     | HP: 1/104 [freezing wraith[a death knight] (28)]
 14452 | D:13     | Slain by a freezing wraith

Illustrated notes

Levels and vault maps discovered:
D:1:      spicycebolla_arrival_clurvy, layout_rooms
D:2:      layout_rooms, serial_co_window_serial, co_window_paths_a,
          co_window_paths_a, co_window_corner_a, co_window_paths_a,
          co_window_cross_1, co_window_paths_a, co_window_corner_a,
          co_window_broadway_b, co_window_corner_ca, co_window_corner_cb,
          co_window_corner_b, co_window_corner_b, co_window_paths_c,
          co_window_4corner_b, co_window_paths_e, glass_columns_b,
          glass_columns_c, glass_columns_c, glass_columns_a
D:3:      layout_rooms, dreamdust_ecumenical_altar_statues, goddamned_bats
D:4:      layout_basic
D:5:      layout_basic, nicolae_overflow_squiral
D:6:      cheibrodos_two_vegetables, layout_cave_pools,
          gup_ossuary_entry_pyramid, sigmund_army
D:7:      layout_gridville, lemuel_temple_firewalk_b, serial_shops, shop,
          enter_bailey_2, nicolae_sextant, minivault_10,
          corexii_leaking_fountain, kennysheep_generic_room_6, uniq_jeremiah
D:8:      layout_rooms, hellmonk_okawaru_the_only_friend_you_need, uniq_pikel
D:9:      layout_loops_ring, gammafunk_ghost_hydra_chop
D:10:     layout_loops_corners, mainiacjoe_overflow_brackets,
          nicolae_ru_great_annihilating_truth, minmay_radiant, uniq_sonja
D:11:     layout_basic, due_lair_maze_entry_diamond,
          minmay_orc_entry_temple_large, serial_shops,
          nicolae_shop_hallway_plus, roderic_batcave
D:12:     layout_loops_ring, amcnicky_mini_pool_medium, uniq_nergalle,
          uniq_nessos
D:13:     layout_grid_maze, david_vaults_2
D:14:     layout_cave_pools, chequers_serial_rivers_small_3,
          serial_co_window_serial, co_window_corner_a, co_window_corner_a,
          co_window_paths_a, co_window_corner_a, co_window_corner_a,
          co_window_cross_4, co_window_broadway_b, co_window_broadway_b,
          co_window_sun, co_window_paths_e, glass_columns_a, glass_columns_b

Skill      XL: |  1  2  3  4  5  6  7  8  9 10 11 12 13 |
---------------+----------------------------------------+-----
Stealth        | 10 11 12 | 12.6
Invocations    | 1 2 3 4 5 6 7 8 9 |  9.2
Short Blades   | 1 2 3 5 6 8 |  8.4
Long Blades    | 1 2 3 5 6 8 |  8.4
Maces & Flails | 1 2 3 5 6 8 |  8.4
Polearms       | 1 2 3 5 6 8 |  8.4
Staves         | 1 2 3 5 6 8 |  8.4
Ranged Weapons | 1 2 3 5 6 8 |  8.4
Throwing       | 1 2 3 5 6 8 |  8.4
Armour         | 1 2 3 5 6 8 |  8.4
Shields        | 1 2 3 5 6 8 |  8.4
Unarmed Combat | 1 2 3 5 6 8 |  8.4
Spellcasting   | 1 2 3 5 6 8 |  8.4
Evocations     | 1 2 3 5 6 8 |  8.4
Shapeshifting  | 1 2 3 4 5 6 7 |  7.6
Conjurations   | 1 2 3 4 5 6 7 |  7.0
Hexes          | 1 2 3 4 5 6 7 |  7.0
Summonings     | 1 2 3 4 5 6 7 |  7.0
Necromancy     | 1 2 3 4 5 6 7 |  7.0
Translocations | 1 2 3 4 5 6 7 |  7.0
Transmutations | 1 2 3 4 5 6 7 |  7.0
Fire Magic     | 1 2 3 4 5 6 7 |  7.0
Ice Magic      | 1 2 3 4 5 6 7 |  7.0
Air Magic      | 1 2 3 4 5 6 7 |  7.0
Earth Magic    | 1 2 3 4 6 7 8 |  8.3
Poison Magic   | 1 2 3 4 5 6 7 |  7.0
Axes           | 5 6 7 8 9 |  9.6
Dodging        | 5 6 7 8 9 |  9.6
Fighting       | 7 8 9 10 | 10.6

Action                     |  1- 3 |  4- 6 |  7- 9 | 10-12 | 13-15 || total
---------------------------+-------+-------+-------+-------+-------++-------
  Melee: Hand axe          |    53 |   152 |       |       |       ||   205
         Bite              |     3 |    16 |     8 |    36 |    10 ||    73
         Punch             |     1 |     5 |     3 |    12 |     2 ||    23
         War axe           |       |    19 |   147 |   324 |    53 ||   543
  Throw: Boomerang         |       |       |    37 |   185 |    23 ||   245
         Javelin           |       |       |       |       |     5 ||     5
   Cast: Dazzling Flash    |       |       |       |     7 |     2 ||     9
 Invoke: Potion Petition   |       |       |       |     2 |       ||     2
    Use: Potion            |     2 |       |     1 |     9 |     1 ||    13
         Scroll            |       |     5 |     6 |     8 |     1 ||    20
   Stab: Sleeping          |     2 |    29 |    25 |     9 |     4 ||    69
         Distracted        |       |       |     1 |     3 |       ||     4
         Invisible         |       |       |       |    12 |     2 ||    14
 Armour: Leather armour    |     9 |    11 |       |       |       ||    20
         Robe              |       |     2 |    23 |       |       ||    25
         Chain mail        |       |       |     9 |     5 |       ||    14
         Ring mail         |       |       |       |    73 |    31 ||   104
  Dodge: Dodged            |    38 |   144 |   165 |   303 |    72 ||   722

Table legend: (Time is in decaauts)
 A = Elapsed time spent in this place.
 B = Non-inter-level travel time spent in this place.
 C = Inter-level travel time spent in this place.
 D = Time resting spent in this place.
 E = Time spent auto-exploring this place.
 F = Levels seen in this place.
 G = Mean time per level.
                   A        B        C        D        E       F      G
               +--------+--------+--------+--------+--------+-----+--------+
         Total |  14553 |  13938 |    615 |      0 |  11557 |  15 |  970.2 |
       Dungeon |  14268 |  13653 |    615 |      0 |  11346 |  14 | 1019.1 |
       Ossuary |    284 |    284 |      0 |      0 |    211 |   1 |  284.0 |
               +--------+--------+--------+--------+--------+-----+--------+

Top non-repeatable levels by time:
    D:11: 1716 daAuts
    D:13: 1665 daAuts
    D:12: 1647 daAuts
     D:4: 1410 daAuts
     D:7: 1357 daAuts
    D:10: 1311 daAuts
     D:2: 1102 daAuts
     D:6: 873 daAuts
     D:5: 805 daAuts
     D:9: 790 daAuts
     D:3: 583 daAuts
     D:8: 533 daAuts
     D:1: 459 daAuts
 Ossuary: 284 daAuts
    D:14: 12 daAuts
